AoeStats
← BronzyRex6

Migration

509657553Analyzed
1v1 RM · 4d ago on Sep 27, 2026· 24m 43s· 2 players
Game mode
Random Map
Map size
132×132
Population
200
Speed
Normal
Resources
Standard
Victory
Conquest
Starting age
Dark Age
Ending age
Imperial Age
RankedLock teamsTeams togetherTeam positionsShared explorationLock speedFull tech treeHidden civsTurbo modeCheats
Victory
Defeat
🇭🇺 Khmer · Hungary
402
+19
🇦🇷 Georgians · Argentina
463
-19
BronzyRex6
1:20 Loom
11:47 Feudal Age
14:28 Double-Bit Axe
19:51 Castle Age
DIEGO EGJ
7:25 Loom
10:14 Feudal Age
11:45 Wheelbarrow
12:44 Fishing Lines
Connection lost

Rejoining the realm…

Still unreachable

The connection could not be restored.

Session expired

The server has moved on; the page needs a fresh start.